 Dungeon Crawl Stone Soup version 0.30-a0-972-gf3ab3527aa (webtiles) character file.

Game seed: 6196505996282919410

2651 Firecrotchwizard the Fighter (level 9, 0/75 HPs)
             Began as a Djinni Conjurer on Apr 1, 2023.
             Was an Initiate of Ashenzari.
             Slain by a skeletal warrior
             ... wielding a +0 war axe
              (22 damage)
             ... on level 8 of the Dungeon.
             The game lasted 00:27:11 (8072 turns).

Firecrotchwizard the Fighter (Djinni Conjurer)      Turns: 8072, Time: 00:27:12

Health: 0/75       AC:  7    Str:  6    XL:     9   Next: 93%
Gold:   558        EV: 17    Int: 24    God:    Ashenzari [......] SH:  0 Dex: 12

rFire   + + .      SeeInvis +    t - +2 dagger (venom) {short}
rCold   x . .      Faith    .    (no shield)
rNeg    + . .      Spirit   .    b - +2 robe {rN+}
rPois   ∞          Reflect  .    u - +1 helmet
rElec   .          Rampage  .    (no cloak)
rCorr   .                        m - +0 pair of gloves
Will    .....                    (boots unavailable)
Stlth   ++                       (no amulet)
HPRegen 0.32/turn                J - +5 ring of evasion
MPRegen 0.00/turn                a - ring of see invisible

@: about to teleport, flying, studying Spellcasting
A: sickness immunity, fire resistance 2, cold vulnerability 1, float, innate
caster, HP casting, extra vitality 1
a: Renounce Religion


You were on level 8 of the Dungeon.
You worshipped Ashenzari.
Ashenzari was noncommittal.
You visited 2 branches of the dungeon, and saw 9 of its levels.
You also visited: Sewer.

You collected 558 gold pieces.


Innate Abilities, Weirdness & Mutations

You are immune to sickness and miasma.
You are immune to poison.
Your flesh is very heat resistant. (rF++)
You are vulnerable to cold. (rC-)
You float through the air rather than walking.
You learn spells naturally, not from books.
Your magical power is your life essence.
You have superior vitality. (+4 MHP)


   Skills:
 * Level 10.4 Fighting
 - Level 2.1 Dodging
 - Level 1.5 Stealth
 + Level 7.9 Spellcasting


You knew the following spells:

 Your Spells              Type           Power      Damage    Failure   Level
a - Magic Dart            Conj           100%       1d8       1%          1
b - Searing Ray           Conj           94%        2d7       1%          2
c - Dazzling Flash        Conj/Hex       94%        N/A       1%          3
d - Fulminant Prism       Conj/Hex       23%        3d12      2%          4
e - Iskenderun's Mystic   Conj/Tloc      47%        2d10      2%          4
f - Freeze                Ice            100%       1d10      1%          1
g - Poisonous Vapours     Pois/Air       94%        N/A       1%          2
h - Passwall              Tmut/Erth      39%        N/A       1%          2
i - Leda's Liquefaction   Hex/Erth       23%        N/A       2%          4
Your spell library was empty.

Inventory:

Hand Weapons
 t - a +2 dagger of venom (weapon) {short}
   (You took it off Robin on level 3 of the Dungeon)
Missiles
 e - 82 stones {throwing}
 q - 11 javelins {throwing}
 y - 2 boomerangs {throwing}
 D - 3 poisoned darts {throwing}
Armour
 b - a +2 robe of positive energy (worn)
   (You took it off Pikel on level 6 of the Dungeon)
 j - a +0 robe
   (You took it off a wight on level 8 of the Dungeon)
 m - a +0 pair of gloves (worn)
   (You found it in a sewer)
 u - a +1 helmet (worn)
   (You took it off Robin on level 3 of the Dungeon)
 w - a +0 robe
   (You took it off a wight on level 8 of the Dungeon)
 A - a +0 leather armour
   (You took it off a gnoll bouda on level 8 of the Dungeon)
Jewellery
 a - a ring of see invisible (right hand)
   (You found it on level 7 of the Dungeon)
 J - a +5 ring of evasion (left hand)
   (You found it on level 5 of the Dungeon)
Wands
 E - a wand of iceblast (13)
   (You found it on level 4 of the Dungeon)
 H - a wand of flame (9)
   (You took it off an orc on level 4 of the Dungeon)
Scrolls
 d - a scroll of immolation {!r!r}
 g - 2 scrolls of vulnerability {!r!r}
 h - 4 scrolls of noise {!r}
 i - a scroll of poison
 x - 2 scrolls of teleportation {@r4}
 z - 3 scrolls of enchant weapon
 B - a scroll of fear {unknown}
 G - a scroll of identify {@r1}
Potions
 c - a potion of mutation {unknown}
 f - 5 potions of flight
 k - 5 potions of degeneration {!q@e2}
 l - 2 potions of cancellation
 n - 3 potions of might
 o - 2 potions of magic {unknown}
 p - 4 potions of heal wounds {@q2}
 r - a potion of haste {unknown}
 s - a potion of berserk rage {unknown}
 v - 2 potions of lignification {unknown}
 C - 2 potions of invisibility {unknown}
 F - a potion of resistance {unknown}

Dungeon Overview and Level Annotations

Branches:
Dungeon (8/15) Zot: 26066  Temple (1/1) D:5 Zot: 5970   Sewer (visited)
   Lair: D:8-11

Altars:
Ashenzari
Cheibriados
Elyvilon
Fedhas
Gozag
Hepliaklqana
Makhleb
Nemelex Xobeh
Okawaru
Qazlal
Trog
Wu Jian
Xom
Yredelemnul
Zin
The Shining One

Shops:
D:8

( #.# ##..#
#.# #....
#.# #...#
#.# #....
#.# #...#
##### #....
##...#
#.<..
###z###.#
#.... #.@.#
.# #...#
#.#.# .#
###..
#.##.. ##
#.# #..####
#.# #..#
#.#
#.########
#.#
##..≈§≈≈§.
#.#
#.§....§§.#
#.#
#§≈.≈≈§§§.#
#..


You could see a skeletal warrior.


Message History

There is a stone staircase leading down here.
Found a broken altar of Ashenzari.
D - 3 poisoned darts {throwing}
F - a murky dark potion
There is a broken altar of Ashenzari here.
You hover solemnly before the altar of Ashenzari.
Ashenzari welcomes you!
Ashenzari warns you of distant threats and treasures.
Ashenzari reveals the structure of the dungeon to you.
Ashenzari shows you where magical portals lie.
Okay, then.
Found an ornate altar of the Wu Jian Council.
e - 82 stones {throwing} (gained 9)
You now have 558 gold pieces (gained 9).
G - a scroll of identify {@r1}
Found a burning altar of Makhleb.
A bullfrog comes into view.
Casting: Searing Ray (safe; 1% risk of failure)
Confirm with . or Enter, or press ? or * to list all spells.
Aiming: Magic Dart (safe; 1% risk of failure)
Press: ? - help, Shift-Dir - straight line, f - bullfrog
Aim: a bullfrog (asleep, 100% to hit)
The magic dart hits the bullfrog.
The bullfrog gives a loud, deep croak! 😕 HP[-1]
You take 1 damage, and now have 74/75 hp.
Casting: Magic Dart (safe; 1% risk of failure)
Confirm with . or Enter, or press ? or * to list all spells.
You can't see any susceptible monsters within range! (Use Z to cast anyway.) 😎 HP[+1]
Your hp is fully restored (75).
Casting: Magic Dart (safe; 1% risk of failure)
Confirm with . or Enter, or press ? or * to list all spells.
Aiming: Magic Dart (safe; 1% risk of failure)
Press: ? - help, Shift-Dir - straight line, f/p - bullfrog
Aim: a bullfrog (lightly wounded, wandering, hasn't noticed you, 100% to hit)
The magic dart hits the bullfrog.
The bullfrog gives a loud, deep croak!
Casting: Magic Dart (safe; 1% risk of failure)
Confirm with . or Enter, or press ? or * to list all spells.
Aiming: Magic Dart (safe; 1% risk of failure)
Press: ? - help, Shift-Dir - straight line, f/p - bullfrog
Aim: a bullfrog (moderately wounded, 100% to hit)
The magic dart hits the bullfrog. 😕 HP[-1]
You take 1 damage, and now have 74/75 hp.
Casting: Magic Dart (safe; 1% risk of failure)
Confirm with . or Enter, or press ? or * to list all spells.
Aiming: Magic Dart (safe; 1% risk of failure)
Press: ? - help, Shift-Dir - straight line, f/p - bullfrog
Aim: a bullfrog (moderately wounded, 100% to hit)
The magic dart hits the bullfrog. 😕 HP[-1]
You take 1 damage, and now have 73/75 hp.
Casting: Magic Dart (safe; 1% risk of failure)
Confirm with . or Enter, or press ? or * to list all spells.
Aiming: Searing Ray (safe; 1% risk of failure)
Press: ? - help, Shift-Dir - straight line, f/p - bullfrog
Aim: a bullfrog (black smoke, moderately wounded, 77% to hit)
The searing ray hits the bullfrog! (Press . to maintain the ray.) 😕 HP[-1]
You take 1 damage, and now have 72/75 hp.
The searing ray misses the bullfrog. 😕 HP[-1]
You take 1 damage, and now have 71/75 hp.
The searing ray hits the bullfrog.
The bullfrog hits you. 😕 HP[-7]
You take 7 damage, and now have 64/75 hp.
Casting: Searing Ray (safe; 1% risk of failure)
Confirm with . or Enter, or press ? or * to list all spells.
Aiming: Magic Dart (safe; 1% risk of failure)
Press: ? - help, Shift-Dir - straight line, f/p - bullfrog
Aim: a bullfrog (almost dead, 100% to hit)
The magic dart hits the bullfrog.
You kill the bullfrog!
You see here a +0 mace {mace}.
You reach down and open the door.
There is an open door here.
A skeletal warrior comes into view. It is wielding a +0 war axe. 😎 HP[+11]
Your hp is fully restored (75).
The skeletal warrior attacks as you move away!
The skeletal warrior hits you with a +0 war axe! 😕 HP[-7]
You take 7 damage, and now have 68/75 hp.
The skeletal warrior attacks as you move away!
The skeletal warrior hits you with a +0 war axe!! 😮 HP[-17]
You take 17 damage, and now have 51/75 hp.
MASSIVE DAMAGE!! (PAUSE)
There is an open door here.
As you read the scroll of teleportation {@r4}, it crumbles to dust.
You feel strangely unstable.
The skeletal warrior hits you with a +0 war axe!!
* * * LOW HITPOINT WARNING * * *
😨 HP[-29]
You take 29 damage, and now have 22/75 hp.
MASSIVE DAMAGE!! (PAUSE)
The skeletal warrior attacks as you move away!
The skeletal warrior hits you with a +0 war axe!!
You die...

Skill      XL: |  1  2  3  4  5  6  7  8  9 |
---------------+----------------------------+-----
Fighting       | 1 2 3 4 5 6 8 10 | 10.4
Spellcasting   | 4 6 7 |  7.9
Dodging        | |  2.1
Stealth        | |  1.5

Action                     |  1- 3 |  4- 6 |  7- 9 || total
---------------------------+-------+-------+-------++-------
  Melee: Spear             |    23 |       |       ||    23
         Dagger            |   171 |    17 |    25 ||   213
         Punch             |     3 |       |       ||     3
   Cast: Magic Dart        |    48 |   149 |    79 ||   276
         Searing Ray       |     1 |     6 |    26 ||    33
         Poisonous Vapours |       |       |    30 ||    30
         Fulminant Prism   |       |       |    15 ||    15
    Use: Scroll            |       |     8 |     6 ||    14
   Stab: Sleeping          |       |       |     1 ||     1
 Armour: Robe              |     4 |    12 |    22 ||    38
  Dodge: Dodged            |    14 |    16 |   101 ||   131

Levels and vault maps discovered:
D:1:      spicycebolla_arrival_risky_transporter, layout_rooms, serial_forest,
          infiniplex_forest_lined_3, infiniplex_forest_clump_tiny,
          infiniplex_forest_straight_2, infiniplex_forest_clump_C,
          infiniplex_forest_end_3, infiniplex_forest_clump_curved,
          hellmonk_ecumenical_altar_watching_god
D:2:      layout_rooms
D:3:      minmay_angry_zag, layout_rooms, mainiacjoe_overflow_catwalk,
          uniq_robin
D:4:      layout_cave_pools
D:5:      layout_layer_cave, minmay_temple_entry_slanted
D:6:      layout_cave_pods, tso_oasis_becter, cheibrodos_sewer_entry_sluice,
          uniq_pikel
D:7:      layout_loops_ring, amcnicky_altar_gilded, enter_bailey_6
D:8:      layout_loops_ring, grunt_temple_overflow_opulence,
          mainiacjoe_overflow_alcove_4, evilmike_ruin_ashenzari,
          lemuel_round_altar, mainiacjoe_overflow_paths, serial_shops,
          nicolae_square_shop, serial_glass, glass_columns_b, glass_columns_a,
          kennysheep_just_a_vault
Temple:   hellmonk_temple_divided_pantheon

Notes
Turn   | Place    | Note
-------+----------+-------------------------------------------
     0 | D:1      | Firecrotchwizard the Djinni Conjurer began the quest for
                  | the Orb.
     0 | D:1      | Firecrotchwizard set off with the following spells
                  | memorised: Magic Dart, Searing Ray, Dazzling Flash,
                  | Fulminant Prism, Iskenderun's Mystic Blast.
     0 | D:1      | Reached XP level 1. HP: 15/15 MP: 0/0
     0 | D:1      | magus.rc [v1.9.6]
    44 | D:1      | Noticed a floating eye
    45 | D:1      | Found a faded altar of an unknown god.
    51 | D:1      | Noticed a shining eye
    51 | D:1      | Noticed a shining eye
    51 | D:1      | Noticed a floating eye
   138 | D:1      | Reached skill level 1 in Fighting
   138 | D:1      | Reached XP level 2. HP: 17/22 MP: 0/0
   318 | D:1      | Reached XP level 3. HP: 26/28 MP: 0/0
   318 | D:1      | Learned a level 1 spell: Freeze
   389 | D:1      | Reached skill level 2 in Fighting
  1074 | D:2      | Reached XP level 4. HP: 33/34 MP: 0/0
  1129 | D:2      | Reached skill level 3 in Fighting
  1895 | D:3      | Reached XP level 5. HP: 38/40 MP: 0/0
  1895 | D:3      | Learned a level 2 spell: Poisonous Vapours
  1928 | D:3      | Found a bloodstained altar of Trog.
  2069 | D:3      | Noticed Robin
  2074 | D:3      | Killed Robin
  2101 | D:3      | HP: 10/40 [goblin/+0 club[Robin] (4)]
  2400 | D:4      | Reached skill level 4 in Fighting
  2400 | D:4      | Reached skill level 4 in Spellcasting
  2491 | D:4      | Reached XP level 6. HP: 45/47 MP: 0/0
  2874 | D:4      | Reached skill level 5 in Fighting
  3242 | D:5      | Entered Level 5 of the Dungeon
  3296 | D:5      | Reached XP level 7. HP: 40/54 MP: 0/0
  3296 | D:5      | Learned a level 2 spell: Passwall
  3738 | D:5      | Found a staircase to the Ecumenical Temple.
  3753 | Temple   | Entered the Ecumenical Temple
  3753 | Temple   | Found a transporter.
  3753 | Temple   | Found a transporter.
  3755 | Temple   | Found a transporter.
  3755 | Temple   | Found a transporter.
  4376 | D:6      | Reached skill level 6 in Fighting
  4449 | D:6      | Found a glowing drain.
  4458 | Sewer    | Entered a sewer
  5183 | D:6      | Reached XP level 8. HP: 59/62 MP: 0/0
  5337 | D:6      | Reached skill level 5 in Spellcasting
  5473 | D:6      | Found a glowing golden altar of the Shining One.
  5474 | D:6      | Identified a scroll of acquirement
  5474 | D:6      | Acquired a manual of Spellcasting
  5905 | D:6      | Noticed Pikel
  5926 | D:6      | HP: 15/62 [Pikel/+0 whip of flaming (1)]
  5927 | D:6      | HP: 5/62 [lemure[Pikel] (7)]
  5929 | D:6      | HP: 1/62 [lemure[Pikel] (5)]
  5932 | D:6      | Killed Pikel
  5933 | D:6      | Reached skill level 8 in Fighting
  5933 | D:6      | Reached skill level 6 in Spellcasting
  6237 | D:7      | Found a stormy altar of Qazlal.
  6288 | D:7      | Reached XP level 9. HP: 43/71 MP: 0/0
  6288 | D:7      | Learned a level 4 spell: Leda's Liquefaction
  6407 | D:7      | Reached skill level 9 in Fighting
  6546 | D:7      | Found a flagged portal.
  6579 | D:7      | Reached skill level 7 in Spellcasting
  7152 | D:8      | Found Mionew's Antique Weapon Emporium.
  7313 | D:8      | Reached skill level 10 in Fighting
  7460 | D:8      | Found a shimmering altar of Xom.
  7474 | D:8      | Found a sparkling altar of Nemelex Xobeh.
  7474 | D:8      | Found an opulent altar of Gozag.
  7868 | D:8      | Found a broken altar of Ashenzari.
  7880 | D:8      | Became a worshipper of Ashenzari the Shackled
  7929 | D:8      | Found an ornate altar of the Wu Jian Council.
  7984 | D:8      | Found a burning altar of Makhleb.
  8066 | D:8      | Noticed a skeletal warrior
  8072 | D:8      | Slain by a skeletal warrior

Vanquished Creatures
  Pikel (D:6)
  A steam dragon (D:8)
  An orc warrior (D:7)
  4 ice beasts
  2 bullfrogs
  A scorpion (D:4)
  A gnoll sergeant (D:7)
  9 wights
  A howler monkey (D:6)
  2 hounds
  4 orc priests
  A jelly (D:5)
  A gnoll bouda (D:8)
  An iguana (D:4)
  4 orc wizards
  3 sleepcaps
  8 gnolls
  Robin (D:3)
  13 adders
  5 river rats (Sewer)
  An ufetubus (D:4)
  2 worms
  3 dart slugs
  18 orcs
  10 ball pythons
  20 bats
  4 endoplasms
  4 giant cockroaches
  12 goblins
  10 hobgoblins
  4 jackals
  7 kobolds
  10 quokkas
  2 frilled lizards
  3 rats
174 creatures vanquished.

Vanquished Creatures (others)
  15 fulminant prisms
  2 plants (D:1)
17 creatures vanquished.

Grand Total: 191 creatures vanquished

Table legend:
 A = Non-vault XP
 B = Vault XP
 C = Vault XP percentage of total XP
 D = Non-vault monster count
 E = Vault monster count
 F = Vault count percentage of total count
                 A         B        C        D         E       F
            +---------+---------+-------+---------+---------+-------
      Total |    2951 |     837 |  22.1 |     125 |      49 |  28.2
            +---------+---------+-------+---------+---------+-------
        D:1 |      36 |       0 |   0.0 |      13 |       0 |   0.0
        D:2 |      76 |       0 |   0.0 |      21 |       0 |   0.0
        D:3 |      48 |      43 |  47.3 |      12 |      16 |  57.1
        D:4 |     288 |       0 |   0.0 |      28 |       0 |   0.0
        D:5 |     261 |       0 |   0.0 |       8 |       0 |   0.0
        D:6 |     254 |     644 |  71.7 |       6 |       3 |  33.3
        D:7 |    1200 |       0 |   0.0 |      26 |       0 |   0.0
        D:8 |     788 |       0 |   0.0 |      11 |       0 |   0.0
      Sewer |       0 |     150 | 100.0 |       0 |      30 | 100.0
            +---------+---------+-------+---------+---------+-------

Illustrated notes

Table legend:
 A = Kills in this place as a percentage of kills in the entire game.
 B = Kills by you in this place as a percentage of kills by you in the entire game.
 C = Kills by friends in this place as a percentage of kills by friends in the entire game.
 D = Other kills in this place as a percentage of other kills in the entire game.
 E = Experience gained in this place as a percentage of experience gained in the entire game.
 F = Experience gained in this place divided by the number of levels of this place that you have seen.
                   A       B       C       D       E      F
               +-------+-------+-------+-------+-------+----------------------
         Total | 100.0 | 100.0 |   N/A |   N/A | 100.0 | 378.8
       Dungeon |  82.8 |  82.8 |   N/A |   N/A |  96.0 | 454.8
         Sewer |  17.2 |  17.2 |   N/A |   N/A |   4.0 | 150.0
               +-------+-------+-------+-------+-------+----------------------

Table legend: (Time is in decaauts)
 A = Elapsed time spent in this place.
 B = Non-inter-level travel time spent in this place.
 C = Inter-level travel time spent in this place.
 D = Time resting spent in this place.
 E = Time spent auto-exploring this place.
 F = Levels seen in this place.
 G = Mean time per level.
                   A        B        C        D        E       F      G
               +--------+--------+--------+--------+--------+-----+--------+
         Total |   8073 |   7766 |    307 |   1528 |   5045 |  10 |  807.3 |
       Dungeon |   7337 |   7040 |    297 |   1412 |   4584 |   8 |  917.1 |
        Temple |     29 |     19 |     10 |      0 |      0 |   1 |   29.0 |
         Sewer |    705 |    705 |      0 |    116 |    461 |   1 |  705.0 |
               +--------+--------+--------+--------+--------+-----+--------+

Top non-repeatable levels by time:
     D:6: 1190 daAuts
     D:7: 1124 daAuts
     D:5: 1027 daAuts
     D:3: 976 daAuts
     D:1: 877 daAuts
     D:4: 825 daAuts
     D:8: 737 daAuts
   Sewer: 705 daAuts
     D:2: 578 daAuts
  Temple: 29 daAuts
